 Dungeon Crawl Stone Soup version 0.31-a0-1338-gb567cfdca4 (webtiles) character file.

Game seed: 1659340075638424796

338 FlodingonDalloogus the Grave Robber (level 6, -15/55 (61) HPs)
             Began as a Human Necromancer on Dec 22, 2023.
             Was an Initiate of Vehumet.
             Demolished by an orc warrior
             ... wielding a +0 battleaxe
             ... led by the fury of Okawaru
              (19 damage)
             ... on level 4 of the Dungeon.
             The game lasted 01:07:57 (2471 turns).

FlodingonDalloogus the Grave Robber (HuNe)          Turns: 2471, Time: 01:07:57

HP:   -15/55 (61)   AC:  9    Str: 13    XL:     6   Next: 55%
MP:   20/20         EV: 13    Int: 27    God:    Vehumet [......]
Gold: 90            SH:  0    Dex: 17    Spells: 11/12 levels left

rFire   . . .        d - +4 dagger
rCold   . . .        j - orb {*channel}
rNeg    . . .        f - +4 robe of Augmentation {Str+4 Int+4 Dex+4}
rPois   .            h - +1 helmet
rElec   .            t - +0 cloak
rCorr   .            (no gloves)
SInv    .            (no boots)
Will    .....        (no amulet) Stlth
                     p - +6 ring of intelligence
HPRegen 0.29/turn    u - ring of magical power
MPRegen 0.17/turn

%: channel magic (20%)
@: berserking (expiring), drained, very quick
A: explore regen
a: Renounce Religion


You were on level 4 of the Dungeon.
You worshipped Vehumet.
Vehumet was noncommittal.
You visited 1 branch of the dungeon, and saw 4 of its levels.

You collected 90 gold pieces.

Inventory:

Hand Weapons
 d - a +4 dagger (weapon)
Missiles
 e - 7 poisoned darts
Armour
 f - the +4 robe of Augmentation (worn) {Str+4 Int+4 Dex+4}
   (You found it on level 4 of the Dungeon)

   Str+4:     It affects your strength (+4).
   Int+4:     It affects your intelligence (+4).
   Dex+4:     It affects your dexterity (+4).
 h - a +1 helmet (worn)
 j - an orb of energy (worn)
 t - a +0 cloak (worn)
Jewellery
 p - a +6 ring of intelligence (left hand)
 u - a ring of magical power (right hand)
Scrolls
 g - a scroll of blinking (quivered)
 m - 2 scrolls of identify
Potions
 b - 2 potions of magic
 i - a potion of might
 v - 2 potions of curing


   Skills:
 + Level 0.1 Fighting
 + Level 0.6 Short Blades
 + Level 0.2 Throwing
 + Level 1.0 Armour
 * Level 2.6 Dodging
 * Level 2.9 Stealth
 * Level 3.8 Spellcasting
 * Level 5.8 Necromancy


You had 11 spell levels left.
You knew the following spells:

 Your Spells              Type           Power      Damage    Failure   Level
a - Necrotise             Necr           100%       1d9       4%          1

Your spell library contained the following spells:

 Spells                   Type           Power      Damage    Failure   Level
 Vampiric Draining        Necr           36%        2d8       9%          3
 Animate Dead             Necr           36%        N/A       21%         4
 Shock                    Conj/Air       20%        1d4       22%         1
 Summon Small Mammal      Summ           20%        N/A       22%         1
 Agony                    Necr           36%        N/A       41%         5
 Call Canine Familiar     Summ           5%         N/A       45%         3
 Ozocubu's Armour         Ice            5%         N/A       45%         3
 Summon Guardian Golem    Hex/Summ       5%         N/A       45%         3
 Swiftness                Air            5%         N/A       45%         3
 Airstrike                Air            2%         2d(1-17)  82%         4
 Metabolic Englaciation   Hex/Ice        2%         N/A       98%         5
 Simulacrum               Ice/Necr       10%        N/A       99%         6


Dungeon Overview and Level Annotations

Branches:
Dungeon (4/15)             Temple (0/1) D:4

Altars:
Okawaru
Vehumet


Innate Abilities, Weirdness & Mutations

You regain HP and MP as you explore.


Message History

The orc knight completely misses you. The gnoll barely misses you.
You hit the gnoll sergeant.
The gnoll sergeant is moderately wounded.
You barely miss the gnoll sergeant.
The gnoll sergeant is moderately wounded.
The gnoll sergeant barely misses you.
The gnoll hits you from afar with a +0 spear!
The orc knight hits you with a +2 war axe of draining!
You feel drained.
You are too berserk!
You puncture the gnoll sergeant!
The gnoll sergeant is heavily wounded.
You hit the gnoll sergeant.
The gnoll sergeant is severely wounded.
The orc knight barely misses you. The gnoll sergeant closely misses you.
The gnoll barely misses you.
You barely miss the gnoll sergeant.
The gnoll sergeant is severely wounded.
The gnoll sergeant closely misses you.
The orc knight roars a battlecry!
The orcs go into a battle-frenzy!
The gnoll hits you but does no damage.
You puncture the gnoll sergeant!
You kill the gnoll sergeant!
That felt strangely unrewarding.
The gnoll hits you with a +0 spear. The gnoll closely misses you.
You hit the gnoll.
The gnoll is lightly wounded.
The gnoll closely misses you. The gnoll barely misses you.
The orc knight hits you with a +2 war axe of draining!
* * * LOW HITPOINT WARNING * * *
You feel drained.
* * * LOW HITPOINT WARNING * * *
You hit the gnoll.
The gnoll is heavily wounded.
You barely miss the gnoll.
The gnoll is heavily wounded.
The gnoll closely misses you.
The orc warrior hits you with a +0 battleaxe!!
You die...

#≈#....##.####.#.#
#.###.# #<
.≈.............#.#
#.....# #.
.~.....##.####.#.#
#####.#####.
.~.....##.####.#.#
#.......Z.
#########........#
##.[......
#.####.###
##....... #.# #.#
####.###
#.####g#### #....
#.....og@o# #.[##
######g##o# #.)##
#.##o# #..##
#...o# #....
###### ##### # # .
# #.


You could see an orc knight, an orc warrior (strong), 3 gnolls and 3 orcs.

Vanquished Creatures
  A gnoll sergeant (D:4)
  2 scorpions (D:4)
  A hound (D:3)
  An orc priest (D:4)
  3 adders
  6 gnolls
  A worm (D:2)
  7 orcs
  5 endoplasms
  3 giant cockroaches
  5 goblins
  6 hobgoblins
  5 kobolds
  3 quokkas
  4 ball pythons
  4 bats
  2 frilled lizards
  5 rats
64 creatures vanquished.

Vanquished Creatures (collateral kills)
  A gnoll (D:4)
1 creature vanquished.

Grand Total: 65 creatures vanquished

Notes
Turn   | Place    | Note
-------+----------+-------------------------------------------
     0 | D:1      | FlodingonDalloogus the Human Necromancer began the quest
                  | for the Orb.
     0 | D:1      | Reached XP level 1. HP: 13/13 MP: 3/3
    85 | D:1      | Reached XP level 2. HP: 12/19 MP: 5/5
   813 | D:2      | Reached XP level 3. HP: 24/24 MP: 6/6
  1329 | D:2      | Found a faded altar of an unknown god.
  1668 | D:3      | Found an iron altar of Okawaru.
  1676 | D:3      | Became a worshipper of Warmaster Okawaru
  1699 | D:3      | Reached XP level 4. HP: 25/30 MP: 7/7
  1843 | D:3      | Reached skill level 5 in Necromancy
  1860 | D:3      | Found a radiant altar of Vehumet.
  1866 | D:3      | Fell from the grace of Okawaru
  1866 | D:3      | Became a worshipper of Vehumet
  2050 | D:3      | Reached XP level 5. HP: 35/35 MP: 8/8
  2228 | D:4      | Reached skill level 1 in Armour
  2243 | D:4      | Reached XP level 6. HP: 17/41 MP: 11/11
  2252 | D:4      | Found the +4 robe of Augmentation {Str+4 Int+4 Dex+4}
  2331 | D:4      | Found a staircase to the Ecumenical Temple.
  2460 | D:4      | Noticed an orc knight
  2460 | D:4      | Noticed an orc warrior
  2471 | D:4      | Demolished by an orc warrior

Illustrated notes

Levels and vault maps discovered:
D:1:      elethiomel_arrival_diamonds, layout_basic
D:2:      layout_basic, shapermc_ecumenical_altar_mp_urbaneastern,
          minmay_misc_feat_diagonals
D:3:      layout_basic, nicolae_vehumet_radiance, okawaru_metal_pillars_3
D:4:      old_forge, layout_basic, temple_statues,
          chequers_serial_rivers_micro_b

Skill      XL: |  1  2  3  4  5 |
---------------+----------------+-----
Necromancy     | 5 |  5.8
Armour         | 1 |  1.0
Spellcasting   | 3 |  3.8
Fighting       | |  0.1
Short Blades   | |  0.6
Throwing       | |  0.2
Dodging        | |  2.6
Stealth        | |  2.9

Action                     |  1- 3 |  4- 6 || total
---------------------------+-------+-------++-------
  Melee: Dagger            |    72 |    54 ||   126
         Unarmed           |     8 |       ||     8
  Throw: Boomerang         |     9 |     7 ||    16
   Cast: Necrotise         |    15 |    70 ||    85
    Use: Potion            |     5 |     3 ||     8
         Scroll            |     7 |     3 ||    10
   Stab: Sleeping          |     1 |     1 ||     2
 Armour: Robe              |    15 |    11 ||    26
         Chain mail        |    26 |       ||    26
         Leather armour    |    14 |    42 ||    56
  Dodge: Dodged            |    27 |    51 ||    78

Table legend: (Time is in decaauts)
 A = Elapsed time spent in this place.
 B = Non-inter-level travel time spent in this place.
 C = Inter-level travel time spent in this place.
 D = Time resting spent in this place.
 E = Time spent auto-exploring this place.
 F = Levels seen in this place.
 G = Mean time per level.
                   A        B        C        D        E       F      G
               +--------+--------+--------+--------+--------+-----+--------+
         Total |   2469 |    745 |   1724 |      0 |     30 |   4 |  617.2 |
       Dungeon |   2469 |    745 |   1724 |      0 |     30 |   4 |  617.2 |
               +--------+--------+--------+--------+--------+-----+--------+

Top non-repeatable levels by time:
     D:2: 782 daAuts
     D:1: 681 daAuts
     D:3: 677 daAuts
     D:4: 327 daAuts
